 Dungeon Crawl Stone Soup version 0.17-a0-1945-gfe993df (webtiles) character file.

1799 esc the Insei (level 9, 0/60 HPs)
             Began as an Octopode Transmuter on Sept 30, 2015.
             Was a Believer of Cheibriados.
             Killed by divine providence
             ... invoked by an orc priest
              (8 damage)
             ... on level 6 of the Dungeon.
             The game lasted 00:18:41 (7270 turns).

esc the Insei (Octopode Transmuter)                 Turns: 7270, Time: 00:18:41

Health: 0/60       AC:  1    Str: 14    XL:     9   Next: 9%
Magic:  16/16      EV: 15    Int: 22    God:    Cheibriados [**....]
Gold:   232        SH:  0    Dex: 16    Spells: 2 memorised, 15 levels left

rFire  . . .     SeeInvis .       - Unarmed
rCold  . . .     Clarity  .     (no shield)
rNeg   + . .     SustAt   .     (helmet restricted)
rPois  .         Gourm    .     k - amulet of regeneration {+regen, !d}
rElec  .         Spirit   .     d - ring of protection from magic {MR+, !d}
rCorr  .         Warding  .     e - ring of positive energy {rN+}
rMut   .         Stasis   .     x - ring of flight {+Fly, !d}
MR     +....                    (no ring)
Stlth  ++........               (no ring)
                                (no ring)
                                (no ring)
                                (no ring)

@: appendage, very slow, somewhat resistant to hostile enchantments, unstealthy
A: almost no armour, amphibious, 8 rings, constrict 8, tentacle spike 3,
camouflage 1, gelatinous body 1
a: End Transformation, Bend Time, Renounce Religion, Evoke Flight


You were on level 6 of the Dungeon.
You worshipped Cheibriados.
Cheibriados was pleased with you.
You were not hungry.
One of your tentacles had a temporary spike.
You visited 2 branches of the dungeon, and saw 7 of its levels.
You also visited: Sewer.

You collected 232 gold pieces.

Inventory:

Hand weapons
 j - a +0 blowgun
   (You took it off a kobold in a sewer)
Missiles
 a - 267 arrows
 m - 2 needles of confusion
 p - 32 poisoned needles
Jewellery
 d - a ring of protection from magic (left tentacle) {MR+, !d}
   (You found it on level 1 of the Dungeon)
 e - a ring of positive energy (right tentacle) {rN+}
   (You took it off a hobgoblin on level 1 of the Dungeon)
 k - an amulet of regeneration (around mantle) {+regen, !d}
   (You found it on level 2 of the Dungeon)
 x - a ring of flight (on tentacle) {+Fly, !d}
   (You found it on level 4 of the Dungeon)
Magical devices
 y - a wand of confusion (28)
   (You found it on level 5 of the Dungeon)
 C - a wand of digging (6)
   (You took it off an orc wizard on level 5 of the Dungeon)
Scrolls
 f - 3 scrolls of fog
 h - 3 scrolls of remove curse
 i - a scroll of enchant weapon
 n - a scroll of amnesia
 o - a scroll of fear
Potions
 l - 2 potions of ambrosia {!q}
 q - a potion of might {unknown}
 r - a potion of brilliance {unknown}
 s - a potion of magic {unknown}
 t - 2 potions of haste
 u - a potion of heal wounds {unknown}
 v - a potion of curing {unknown}
Books
 b - a book of Changes
Comestibles
 c - 3 bread rations {@e1}
 g - a meat ration {@e2}
 w - a beef jerky
 z - 3 chunks of flesh {@w0}
 A - a slice of pizza
 B - 3 fruits


   Skills:
 + Level 4.8 Fighting
 + Level 5.3 Dodging
 + Level 6.1 Unarmed Combat
 + Level 5.1 Spellcasting
 + Level 5.3 Transmutations


You had 15 spell levels left.
You knew the following spells:

 Your Spells              Type           Power        Failure   Level  Hunger
a - Beastly Appendage     Trmt           ####..       1%          1    None
s - Sticks to Snakes      Trmt           ####......   1%          2    None


Dungeon Overview and Level Annotations

Branches:
Dungeon (6/15)             Temple (1/1) D:4

Altars:
Ashenzari
Cheibriados
Dithmenos
Fedhas
Gozag
Kikubaaqudgha
Makhleb
Nemelex Xobeh
Okawaru
Qazlal
Ru
Sif Muna
Trog
Vehumet
Xom
Yredelemnul
Zin
The Shining One

Shops:
D:6 *:

Annotations:
D:6 exclusion: Grinder, Grinder


Innate Abilities, Weirdness & Mutations

You cannot wear most types of armour.
You are amphibious.
You can wear up to eight rings at the same time.
You can use your tentacles to constrict eight enemies at once.
Your skin changes colour to match your surroundings (Stealth).
Your rubbery body absorbs attacks (AC +1).
One of your tentacles bears a large vicious spike.


Message History

You kill the centaur!
Cheibriados thoroughly appreciates the change of pace.
You have reached level 9!
Your experience leads to an increase in your attributes!
Your base attributes are Str 10, Int 17, Dex 12.
Increase (S)trength, (I)ntelligence, or (D)exterity?
You feel clever.
You regained 2 hp, and now have 25/59 hp.
MP restored: 16
a - 260 arrows (gained 12)
You see here an uncursed shortbow of evasion.
You regained 2 hp, and now have 27/59 hp.
There isn't anything to butcher here.
There is an entrance to Dajiurem's Assorted Antiques here.
You start resting.
Health restored: 59
a - 261 arrows (gained 1)
a - 262 arrows (gained 1)
a - 263 arrows (gained 1)
a - 267 arrows (gained 4)
The giant gecko skeleton is too close now for your liking.
Found an escape hatch in the floor.
There is an open door here.
A hound skeleton comes into view.
The giant gecko skeleton misses you. The giant gecko skeleton bites you.
The orc warrior shouts!
You take 1 damage, and have 58/59 hp.
You hear a shout! x3
The orc warrior barely misses you.
The giant gecko skeleton closely misses you.
Health restored: 59 The hound skeleton barely misses you.
There is an open door here.
The orc warrior closely misses you.
One of your tentacles grows a vicious spike.
You now have 15/16 mp.
You barely miss the orc warrior. Your grab misses the orc warrior.
The orc warrior hits you with a dire flail!
You take 9 damage, and have 50/59 hp.
You tentacle-slap the orc warrior. You grab the orc warrior.
You pierce the orc warrior, but do no damage.
You squeeze the orc warrior.
You constrict the orc warrior, but do no damage.
The orc warrior hits you with a dire flail!
You take 11 damage, and have 39/59 hp.
You tentacle-slap the orc warrior.
You constrict the orc warrior, but do no damage.
The orc warrior hits you with a dire flail.
You take 5 damage, and have 34/59 hp.
You tentacle-slap the orc warrior but do no damage.
You constrict the orc warrior. You tentacle-slap the orc warrior.
You pierce the orc warrior, but do no damage.
You constrict the orc warrior.
The orc warrior hits you with a dire flail!
You hear a shout!
You take 15 damage, and have 20/59 hp.
MASSIVE DAMAGE!!
MP restored: 16 You tentacle-slap the orc warrior but do no damage.
You pierce the orc warrior, but do no damage.
You constrict the orc warrior, but do no damage.
The orc warrior misses you.
You tentacle-slap the orc warrior but do no damage.
Your tentacle spike misses the orc warrior.
You squeeze the orc warrior.
You constrict the orc warrior, but do no damage.
The orc warrior closely misses you.
Some of the chunks of flesh in your inventory have rotted away.
You tentacle-slap the orc warrior. You constrict the orc warrior.
You kill the orc warrior!
Cheibriados thoroughly appreciates the change of pace.
Your Spellcasting skill increases to level 5!
You bludgeon the hound skeleton! You grab the hound skeleton.
You pierce the hound skeleton.
You squeeze the hound skeleton! You constrict the hound skeleton.
The hound skeleton misses you.
You bludgeon the hound skeleton!
You destroy the hound skeleton!
Cheibriados appreciates the change of pace.
You barely miss the giant gecko skeleton.
You grab the giant gecko skeleton. You constrict the giant gecko skeleton.
The giant gecko skeleton bites you.
The orc priest calls down the wrath of Beogh upon you.
Something smites you!
* * * LOW HITPOINT WARNING * * *
The orc shouts!
A worker ant comes into view.
The worker ant twitches its antennae in your direction.
You take 16 damage, and have 7/60 hp.
MASSIVE DAMAGE!!
You bludgeon the giant gecko skeleton!
You destroy the giant gecko skeleton!
Cheibriados thoroughly appreciates the change of pace.
The orc priest calls down the wrath of Beogh upon you.
You easily resist.
A hound comes into view.
The orc barely misses you.
The orc priest mumbles some strange prayers to Beogh against you.
Something smites you!
You die...

......................[......>..#
...###.################..##.....#
...# #.#............###..##.#..##
...# #..............'..........##
...# ##........∩.)..####.## ...#
#.............# #..
#.............# #..#
#.............# ##.#
#.###'####@#######
#######.###.####oh......
......÷........aoo...>..
#######.###.......###... # #.#
#.......# .. # #.########..# .###
#..........<. .... #########.....
.... #...### ....


You could see a hound, a worker ant, an orc priest and 2 orcs.

Vanquished Creatures
  Sigmund (D:5)
  2 centaurs (D:6)
  An orc warrior (D:6)
  2 ogres
  2 giant frogs (D:6)
  A scorpion (D:5)
  4 hounds
  2 giant frog skeletons (D:4)
  Crazy Yiuf (D:2)
  3 orc priests (D:5)
  Ijyb (D:2)
  11 orc wizards
  3 worker ants
  2 iguanas
  A hound skeleton (D:6)
  10 adders
  A shadow imp (D:5)
  An ooze (D:1)
  An adder skeleton (D:4)
  5 worms
  10 giant geckos
  19 orcs
  4 ball pythons
  4 giant cockroaches (D:4)
  12 hobgoblins
  22 jackals
  17 kobolds
  6 bats
  A giant gecko skeleton (D:6)
  7 giant newts
  9 goblins
  10 rats
  2 plants (Sewer)
178 creatures vanquished.

Vanquished Creatures (collateral kills)
  2 goblins (D:2)
2 creatures vanquished.

Vanquished Creatures (others)
  2 plants (Sewer)
2 creatures vanquished.

Grand Total: 182 creatures vanquished

Notes
Turn   | Place    | Note
--------------------------------------------------------------
     0 | D:1      | esc the Octopode Transmuter began the quest for the Orb.
     0 | D:1      | Reached XP level 1. HP: 13/13 MP: 3/3
    89 | D:1      | Reached XP level 2. HP: 9/18 MP: 5/5
   583 | D:1      | HP: 3/18 [hobgoblin/club (2)]
   593 | D:1      | HP: 3/18 [bat (1)]
   598 | D:1      | HP: 2/18 [bat (1)]
   983 | D:1      | Found a shimmering altar of Xom.
  1009 | D:1      | Reached XP level 3. HP: 21/23 MP: 6/6
  1939 | D:2      | Found a bloodstained altar of Trog.
  1962 | D:2      | Found a shimmering altar of Xom.
  1963 | D:2      | Found an iron altar of Okawaru.
  1966 | D:2      | Found a shadowy altar of Dithmenos.
  1967 | D:2      | Found a sacrificial altar of Ru.
  1967 | D:2      | Found a glowing silver altar of Zin.
  2247 | D:2      | Noticed Crazy Yiuf
  2359 | D:2      | Killed Crazy Yiuf
  2359 | D:2      | Reached XP level 4. HP: 27/29 MP: 5/7
  2409 | D:2      | HP: 7/29 [jackal (2)]
  2411 | D:2      | HP: 3/29 [jackal (2)]
  2886 | D:2      | Noticed Ijyb
  2892 | D:2      | Learned a level 2 spell: Sticks to Snakes
  2915 | D:2      | Killed Ijyb
  2915 | D:2      | Reached skill level 2 in Fighting
  2915 | D:2      | Reached skill level 3 in Transmutations
  2915 | D:2      | Reached XP level 5. HP: 26/34 MP: 3/9
  3643 | D:3      | Reached skill level 3 in Dodging
  3737 | D:3      | Found a stormy altar of Qazlal.
  3839 | D:3      | Found an ancient bone altar of Kikubaaqudgha.
  4036 | D:3      | Reached skill level 3 in Spellcasting
  4247 | D:4      | Found an opulent altar of Gozag.
  4282 | D:4      | Reached XP level 6. HP: 41/41 MP: 5/10
  4325 | D:4      | Found a glowing drain.
  4369 | D:4      | Reached skill level 4 in Unarmed Combat
  4385 | Sewer    | Entered a sewer
  4427 | Sewer    | HP: 9/41 [kobold/dagger (2)]
  4433 | Sewer    | HP: 12/61 [poisoned by an adder]
  4439 | Sewer    | HP: 11/61 [poisoned by an adder]
  4444 | Sewer    | HP: 12/61 [poisoned by an adder]
  4451 | Sewer    | HP: 9/41 [poisoned by an adder]
  5115 | D:4      | Reached XP level 7. HP: 31/45 MP: 12/12
  5160 | D:4      | Found a basalt altar of Yredelemnul.
  5170 | D:4      | Reached skill level 3 in Fighting
  5479 | D:4      | Noticed an ogre
  5488 | D:4      | Killed an ogre
  5519 | D:4      | Reached skill level 4 in Transmutations
  5537 | D:4      | Reached skill level 4 in Dodging
  5633 | D:4      | Found a staircase to the Ecumenical Temple.
  5642 | Temple   | Entered the Ecumenical Temple
  5806 | Temple   | Became a worshipper of Cheibriados the Contemplative
  6003 | D:5      | Entered Level 5 of the Dungeon
  6111 | D:5      | Reached skill level 5 in Unarmed Combat
  6111 | D:5      | Reached skill level 4 in Spellcasting
  6116 | D:5      | HP: 10/46 [orc priest/divine providence (15)]
  6131 | D:5      | Reached XP level 8. HP: 44/53 MP: 14/14
  6268 | D:5      | Noticed Sigmund
  6281 | D:5      | Killed Sigmund
  6281 | D:5      | Reached skill level 4 in Fighting
  6295 | D:5      | Acquired Cheibriados's first power
  6858 | D:6      | Reached skill level 5 in Dodging
  6866 | D:6      | Reached skill level 5 in Transmutations
  6926 | D:6      | Noticed Grinder
  6983 | D:6      | HP: 1/54 [orc warrior/dire flail (15)]
  7074 | D:6      | Found Qehergh's Book Shoppe.
  7149 | D:6      | Reached skill level 6 in Unarmed Combat
  7163 | D:6      | Found Dajiurem's Assorted Antiques.
  7181 | D:6      | Reached XP level 9. HP: 25/59 MP: 16/16
  7265 | D:6      | Reached skill level 5 in Spellcasting
  7268 | D:6      | HP: 7/60 [orc priest/divine providence (15)]
  7270 | D:6      | Killed from afar by an orc priest

Vault maps used:
D:1:      shiori_shiawase, minmay_misc_feat_encased,
          hangedman_decor_peaks_small, xom_teletrap_fun
D:2:      kennysheep_goblin_castle, nicolae_overflow_crystal_walls,
          grunt_temple_overflow_open, uniq_crazy_yiuf_cottage
D:3:      nicolae_qazlal_general_emergency, kiku_gazebo_pond_becter,
          minmay_misc_feat_cross
D:4:      yredelemnul_altar_generic, lemuel_doored_altar, temple_statues,
          first_bread, portal_sewer_entry_f
D:5:      uniq_sigmund
D:6:      serial_shops, shop, nicolae_shop_crystal,
          nicolae_shop_temple_entry_statues_fountains, uniq_grinder
Temple:   minmay_temple_bridge_a_8
Sewer:    sewer_co_scattered_pipes

Action                   |  1- 3 |  4- 6 |  7- 9 || total
-------------------------+-------+-------+-------++-------
Melee: Unarmed           |    99 |   248 |   213 ||   560
 Fire: Blowgun           |       |     3 |     2 ||     5
 Cast: Beastly Appendage |     1 |       |     8 ||     9
       Sticks to Snakes  |       |     4 |       ||     4
  Use: Scroll            |     8 |     3 |     6 ||    17
       Potion            |       |     1 |     2 ||     3
 Stab: Sleeping          |     2 |    13 |     4 ||    19
       Distracted        |     1 |       |       ||     1
  Eat: Chunk             |     1 |    10 |     6 ||    17
       Bread ration      |     1 |       |       ||     1
       Beef jerky        |       |       |     1 ||     1

Vault maps used:
D:1:      shiori_shiawase, minmay_misc_feat_encased,
          hangedman_decor_peaks_small, xom_teletrap_fun
D:2:      kennysheep_goblin_castle, nicolae_overflow_crystal_walls,
          grunt_temple_overflow_open, uniq_crazy_yiuf_cottage
D:3:      nicolae_qazlal_general_emergency, kiku_gazebo_pond_becter,
          minmay_misc_feat_cross
D:4:      yredelemnul_altar_generic, lemuel_doored_altar, temple_statues,
          first_bread, portal_sewer_entry_f
D:5:      uniq_sigmund
D:6:      serial_shops, shop, nicolae_shop_crystal,
          nicolae_shop_temple_entry_statues_fountains, uniq_grinder
Temple:   minmay_temple_bridge_a_8
Sewer:    sewer_co_scattered_pipes

Table legend:
 A = Turns spent in this place as a percentage of turns spent in the entire game.
 B = Non-inter-level travel turns spent in this place as a percentage of non-inter-level travel turns spent in the entire game.
 C = Inter-level travel turns spent in this place as a percentage of turns spent in this place.
 D = Turns resting spent in this place as a percentage of non-inter-level travel turns spent in this place.
 E = Turns spent auto-exploring this place as a percentage of non-inter-level travel turns spent in this place.
 F = Non-inter-level travel turns spent in this place divided by the number of levels of this place that you've seen.
                   A       B       C       D       E      F
               +-------+-------+-------+-------+-------+----------------------
         Total | 100.0 | 100.0 |   0.4 |   3.7 |   8.5 | 263.5
       Dungeon |  85.7 |  85.7 |   0.4 |   3.4 |   8.7 | 301.2
        Temple |   1.3 |   1.3 |   3.6 |   0.0 |   7.4 |  27.0
         Sewer |  12.9 |  13.0 |   0.0 |   5.8 |   7.3 | 274.0
               +-------+-------+-------+-------+-------+----------------------

Table legend:
 A = Kills in this place as a percentage of kills in entire the game.
 B = Kills by you in this place as a percentage of kills by you in the entire game.
 C = Kills by friends in this place as a percentage of kills by friends in the entire game.
 D = Other kills in this place as a percentage of other kills in the entire game.
 E = Experience gained in this place as a percentage of experience gained in the entire game.
 F = Experience gained in this place divided by the number of levels of this place that you have seen.
                   A       B       C       D       E      F
               +-------+-------+-------+-------+-------+----------------------
         Total | 100.0 | 100.0 | 100.0 |  -nan | 100.0 | 321.4
       Dungeon |  87.6 |  87.5 | 100.0 |  -nan |  97.1 | 416.2
         Sewer |  12.4 |  12.5 |   0.0 |  -nan |   2.9 |  74.0
               +-------+-------+-------+-------+-------+----------------------
